 Dungeon Sprint DCSS version 0.19.5 (webtiles) character file.

2516 strmesko the Eclecticist (level 9, 0/45 HPs)
             Began as a Deep Elf Fire Elementalist on Mar 19, 2017.
             Was a High Priest of Sif Muna.
             Killed by an exploding ballistomycete spore (30 damage)
             ... in the Dungeon (Sprint I: "Red Sonja").
             The game lasted 00:12:01 (1162 turns).

strmesko the Eclecticist (DEFE)                     Turns: 1162, Time: 00:12:02

Health: 0/45       AC:  2    Str:  5    XL:     9   Next: 29%
Magic:  31/31      EV: 13    Int: 24    God:    Sif Muna [*****.]
Gold:   562        SH:  0    Dex: 15    Spells: 6 memorised, 23 levels left

rFire  . . .     SeeInvis .     d - -2 scythe (curse)
rCold  . . .     Gourm    .     a - +0 robe
rNeg   . . .     Faith    .     (shield currently unavailable)
rPois  .         Spirit   .     (no helmet)
rElec  .         Reflect  .     (no cloak)
rCorr  .         Harm     .     (no gloves)
MR     .....     NoTele   +     (no boots)
Stlth  +.........               (no amulet)
                                (no ring)
                                (no ring)

@: confused
A: no striking features
a: Divine Energy, Channel Magic, Forget Spell, Renounce Religion


You were in the Dungeon.
You worshipped Sif Muna.
Sif Muna was extremely pleased with you.
You were not hungry.

You visited 1 branch You collected 562 gold pieces.

Inventory:

Hand Weapons
 b - a +0 dagger of venom
 d - a cursed -2 scythe (weapon)
 h - a +0 dagger
Armour
 a - a +0 robe (worn)
Jewellery
 m - an uncursed amulet of rage {unknown}
Scrolls
 f - a scroll of remove curse {unknown}
 i - a scroll of blinking
Potions
 e - a potion of heal wounds
 g - 2 potions of magic
Books
 j - Sif Muna's Guide on Creative Weightlessness
   (Sif Muna gifted it to you in the Dungeon)

   Spells                             Type                      Level
   a - Static Discharge               Conjuration/Air              3
   b - Summon Lightning Spire         Summoning/Air                4
   c - Silence                        Hexes/Air                    5
   d - Poisonous Cloud                Conjuration/Poison/Air       6
   e - Shadow Creatures               Summoning                    6
   f - Spellforged Servitor           Conjuration/Summoning        7
   g - Malign Gateway                 Summoning/Translocation      7
 l - a book of Callings

   Spells                             Type                      Level
   a - Summon Small Mammal            Summoning                    1
   b - Call Imp                       Summoning                    2
   c - Call Canine Familiar           Summoning                    3
   d - Summon Guardian Golem          Hexes/Summoning              3
   e - Summon Lightning Spire         Summoning/Air                4
   f - Summon Ice Beast               Ice/Summoning                4
Comestibles
 c - a bread ration
 k - 4 chunks of flesh


   Skills:
 - Level 1.5 Polearms
 - Level 2.4 Dodging
 - Level 2.4 Stealth
 + Level 16.7 Spellcasting
 * Level 11.6 Conjurations
 - Level 13.6 Fire Magic


You had 23 spell levels left.
You knew the following spells:

 Your Spells              Type           Power        Failure   Level  Hunger
a - Flame Tongue          Conj/Fire      #####        0%          1    None
b - Throw Flame           Conj/Fire      ######       1%          2    None
c - Sticky Flame          Conj/Fire      ######..     1%          4    None
d - Fireball              Conj/Fire      ######....   1%          5    None
e - Conjure Flame         Conj/Fire      ######..     1%          3    None
f - Inner Flame           Hex/Fire       ######..     1%          3    None


Dungeon Overview and Level Annotations

Branches:
Dungeon (1/1)

Altars:
Cheibriados
Dithmenos
Elyvilon
Fedhas
Gozag
Hepliaklqana
Kikubaaqudgha
Nemelex Xobeh
Okawaru
Qazlal
Ru
Sif Muna
Trog
Uskayaw
Vehumet
Yredelemnul
Zin
The Shining One

Shops:
D ((


Message History

You open the door.
There is an open door here.
Found Juyxorr's Weapon Boutique.
You open the huge gate. 3 floating eyes and 3 shining eyes come into view.
The floating eye turns its gaze towards you.
You close the huge gate.
There is an open door here.
You open the door. 2 ballistomycete spores come into view.
The ballistomycete spore waves its rhizomes.
The ballistomycete spore explodes!
The explosion of spores engulfs you!
You are confused.
The explosion of spores engulfs the ballistomycete spore.
The ballistomycete spore explodes!
The explosion of spores engulfs you!
You are more confused.
Ouch! That really hurt!
You die...

#..#__####..##.#≈§§§.#..#
#..#_____##'#(§§§§)..'..#
#⌠⌠#_.∩...'.(.§#§≈§..#..#
####_..__##_(#'##§#####+#
#_____###'#)#...(#
############.####+###
#∩........'...+
###++++####.).# #..G...
##@## #G..... #'# #..#..G
!$! #G .G..


$($$$ # ....# ####### G.... There were no monsters in sight!

Vanquished Creatures
  2 centaur warriors (D)
  Sonja (D)
  A hornet (D)
  Sigmund (D)
  A yak (D)
  An ogre (D)
  A jelly (D)
  Ijyb (D)
9 creatures vanquished.

Vanquished Creatures (others)
  A gargoyle (D)
1 creature vanquished.

Grand Total: 10 creatures vanquished

Notes
Turn   | Place    | Note
-------+----------+-------------------------------------------
     0 | D        | strmesko the Deep Elf Fire Elementalist began the quest for the Orb.
     0 | D        | Reached XP level 1. HP: 10/10 MP: 6/6
     1 | D        | Noticed Ijyb
    12 | D        | Killed Ijyb
    12 | D        | Reached skill level 8 in Spellcasting
    12 | D        | Reached XP level 2. HP: 15/15 MP: 7/13
    57 | D        | Learned a level 2 spell: Throw Flame
    58 | D        | Noticed an ogre
    72 | D        | Killed an ogre
    72 | D        | Reached skill level 12 in Spellcasting
    72 | D        | Reached XP level 3. HP: 19/19 MP: 0/18
    72 | D        | Reached XP level 4. HP: 24/24 MP: 0/20
   205 | D        | Noticed Sigmund
   213 | D        | Learned a level 4 spell: Sticky Flame
   224 | D        | Killed Sigmund
   224 | D        | Reached skill level 15 in Spellcasting
   224 | D        | Reached XP level 5. HP: 18/28 MP: 5/24
   473 | D        | Killed a gargoyle
   544 | D        | Learned a level 5 spell: Fireball
   548 | D        | Learned a level 3 spell: Conjure Flame
   552 | D        | Learned a level 3 spell: Inner Flame
   552 | D        | Found a deep blue altar of Sif Muna.
   554 | D        | Found a radiant altar of Vehumet.
   556 | D        | Reached XP level 6. HP: 30/32 MP: 22/26
   574 | D        | Became a worshipper of Sif Muna the Loreminder
   590 | D        | Found Nucs's Antique Weapon Emporium.
   590 | D        | Found an ancient bone altar of Kikubaaqudgha.
   590 | D        | Found a hazy altar of Hepliaklqana.
   590 | D        | Found a hide-covered altar of Uskayaw.
   590 | D        | Found a basalt altar of Yredelemnul.
   590 | D        | Found an opulent altar of Gozag.
   590 | D        | Found a snail-covered altar of Cheibriados.
   590 | D        | Found a sacrificial altar of Ru.
   590 | D        | Found a shadowy altar of Dithmenos.
   590 | D        | Noticed a yak
   593 | D        | Killed a yak
   593 | D        | Reached * piety under Sif Muna
   594 | D        | Found a stormy altar of Qazlal.
   594 | D        | Found a blossoming altar of Fedhas.
   594 | D        | Found a bloodstained altar of Trog.
   594 | D        | Found an iron altar of Okawaru.
   594 | D        | Found a glowing golden altar of the Shining One.
   594 | D        | Found a glowing silver altar of Zin.
   594 | D        | Found a white marble altar of Elyvilon.
   629 | D        | Found a sparkling altar of Nemelex Xobeh.
   660 | D        | Noticed Sonja
   663 | D        | Killed Sonja
   663 | D        | Reached ** piety under Sif Muna
   663 | D        | Reached *** piety under Sif Muna
   663 | D        | Reached skill level 1 in Polearms
   663 | D        | Reached XP level 7. HP: 24/36 MP: 11/27
   663 | D        | Reached XP level 8. HP: 27/41 MP: 11/29
   979 | D        | Noticed a centaur warrior
   981 | D        | Noticed a centaur warrior
   982 | D        | Killed a centaur warrior
   982 | D        | Reached **** piety under Sif Muna
   982 | D        | Reached skill level 10 in Conjurations
   984 | D        | Killed a centaur warrior
   984 | D        | Reached ***** piety under Sif Muna
   984 | D        | Identified Sif Muna's Guide on Creative Weightlessness (Sif Muna gifted it to you in the Dungeon)
   984 | D        | Received a gift from Sif Muna
   984 | D        | Reached skill level 16 in Spellcasting
   984 | D        | Reached XP level 9. HP: 27/45 MP: 0/31
  1153 | D        | Found Juyxorr's Weapon Boutique.
  1155 | D        | Noticed a shining eye
  1155 | D        | Noticed a shining eye
  1155 | D        | Noticed a shining eye
  1162 | D        | Killed by an exploding ballistomycete spore

Skill      XL: |  1  2  3  4  5  6  7  8 |
---------------+-------------------------+-----
Spellcasting   | 8 12 15 16 | 16.7
Conjurations   | 2 8 11 | 11.6
Fire Magic     | 4 11 13 | 13.6
Polearms       | 1 |  1.5
Dodging        | |  2.4
Stealth        | |  2.4

Action                   |  1- 3 |  4- 6 |  7- 9 || total
-------------------------+-------+-------+-------++-------
Melee: Unarmed           |     9 |       |       ||     9
       Scythe            |       |     3 |       ||     3
 Cast: Throw Flame       |     5 |     3 |       ||     8
       Sticky Flame      |       |     1 |       ||     1
       Conjure Flame     |       |     2 |       ||     2
       Fireball          |       |     1 |     7 ||     8
  Use: Potion            |     2 |     1 |       ||     3
  Eat: Chunk             |       |       |     1 ||     1
Dodge: Dodged            |     4 |     5 |     2 ||    11
